 Dungeon Crawl Stone Soup version 0.27-a0-1312-g5cdb2b3542 (webtiles) character file.

Game seed: 6494926806564140396

364 funkygono the Stinger (level 6, -4/33 HPs)
             Began as a Gargoyle Venom Mage on June 19, 2021.
             Slain by a shadow (8 damage)
             ... on level 5 of the Dungeon.
             The game lasted 00:06:33 (4873 turns).

funkygono the Stinger (Gargoyle Venom Mage)         Turns: 4873, Time: 00:06:33

Health: -4/33      AC:  9    Str: 12    XL:     6   Next: 67%
Magic:  10/10      EV: 12    Int: 17    God:
Gold:   244        SH:  0    Dex: 10    Spells: 3/11 levels left

rFire    . . .     SeeInvis .   i - +0 whip
rCold    . . .     Faith    .   (no shield)
rNeg     + . .     Spirit   .   a - +1 robe
rPois    ∞         Reflect  .   d - +0 helmet
rElec    +         Harm     .   (no cloak)
rCorr    .         Rampage  .   (no gloves)
Will     .....                  k - +0 pair of boots
Stlth    ++........             (no amulet)
HPRegen  0.11/turn              c - ring of wizardry
MPRegen  0.12/turn              (no ring)

@: no status effects
A: sickness immunity, AC +4, negative energy resistance 1, electricity
resistance, torment resistance 1, petrification resistance
a: no special abilities


You were on level 5 of the Dungeon.
You visited 1 branch of the dungeon, and saw 5 of its levels.

You collected 244 gold pieces.

Inventory:

Hand Weapons
 i - a +0 whip (weapon)
Armour
 a - a +1 robe (worn)
 d - a +0 helmet (worn)
 k - a +0 pair of boots (worn)
Magical Staves
 m - a staff of earth
Jewellery
 c - a ring of wizardry (left hand)
Wands
 l - a wand of charming (13)
Scrolls
 h - a scroll of teleportation
Potions
 b - a potion of invisibility {unknown}
 e - a potion of haste {unknown}
 f - a potion of brilliance {unknown}
 g - 2 potions of berserk rage
 j - a potion of flight {unknown}
 n - a potion of lignification {unknown}


   Skills:
 + Level 0.6 Fighting
 + Level 1.7 Maces & Flails
 + Level 2.2 Dodging
 - Level 2.1 Stealth
 + Level 3.2 Spellcasting
 + Level 2.5 Transmutations
 * Level 2.4 Fire Magic
 * Level 4.2 Poison Magic


You had 3 spell levels left.
You knew the following spells:

 Your Spells              Type           Power      Damage    Failure   Level
a - Sting                 Tmut/Pois      56%        1d5       1%          1
b - Ignite Poison         Fire/Tmut/Pois 13%        N/A       6%          3
c - Olgreb's Toxic Radia  Pois           17%        N/A       12%         4

Your spell library contained the following spells:

 Spells                   Type           Power      Damage    Failure   Level
 Beastly Appendage        Tmut           22%        N/A       2%          1
 Poisonous Vapours        Pois/Air       18%        N/A       4%          2
 Wereblood                Tmut           11%        N/A       4%          2
 Spider Form              Tmut/Pois      7%         N/A       5%          3
 Mephitic Cloud           Conj/Pois/Air  7%         N/A       12%         3
 Ice Form                 Ice/Tmut       6%         N/A       38%         4


Dungeon Overview and Level Annotations

Branches:
Dungeon (5/15)
 Temple: D:4-7

Altars:
Hepliaklqana

Shops:
D:4 =


Innate Abilities, Weirdness & Mutations

You are immune to sickness and miasma.
Your stone body is resilient. (AC +4)
You are immune to poison.
You resist negative energy. (rN+)
You are resistant to electric shocks. (rElec)
You are resistant to unholy torment.
You are immune to petrification.


Message History

The shadow imp hits you.
You closely miss the shadow imp.
The shadow imp is moderately wounded.
The shadow imp hits you but does no damage.
You barely miss the shadow imp.
The shadow imp is heavily wounded.
The shadow imp barely misses you.
A shadow comes into view.
You hit the shadow imp.
The shadow imp is severely wounded.
The shadow imp misses you.
The shadow slips into darkness.
The shadow flickers and vanishes!
Deactivating autopickup; reactivate with Ctrl-A.
You completely miss the shadow imp.
The shadow imp is severely wounded.
The shadow imp hits you but does no damage.
You hit the shadow imp.
You kill the shadow imp!
The shadow strikes at you from the darkness!
Reactivating autopickup.
You barely miss the shadow.
The shadow slips into darkness.
The shadow flickers and vanishes!
Deactivating autopickup; reactivate with Ctrl-A.
You miss something.
The shadow strikes at you from the darkness!
Ouch! That really hurt!
* * * LOW HITPOINT WARNING * * *
Reactivating autopickup.
You closely miss the shadow.
The shadow slips into darkness.
The shadow flickers and vanishes!
Deactivating autopickup; reactivate with Ctrl-A.
You closely miss something.
The shadow strikes at you from the darkness!
* * * LOW HITPOINT WARNING * * *
Reactivating autopickup.
You hit the shadow but do no damage. The shadow hits you!
You die...

#.. ... #.#
#.#... #.#
#.#... # #.#
#.#..#.# #.#
#.#..#.# #.#
#.#....
###.####.#..#
#........#..#
#.#......@W.#
#†#########.#.
#.#...........
#.#.#######.#.#
#.#<........#.#
#..............
#.............
.
#.#.#########.
.# #.#.#


You could see a shadow.

Vanquished Creatures
  A scorpion (D:4)
  2 centaur skeletons (D:4)
  An orc priest (D:3)
  A hound (D:3)
  Jessica (D:2)
  8 adders
  A shadow imp (D:5)
  An ufetubus (D:4)
  A dart slug (D:4)
  7 orcs (D:3)
  4 ball pythons
  3 bats
  6 endoplasms
  2 giant cockroaches
  3 hobgoblins
  3 jackals (D:3)
  5 kobolds
  5 quokkas
  8 frilled lizards
  7 goblins
  6 rats
76 creatures vanquished.

Vanquished Creatures (others)
  13 plants (D:2)
  4 toadstools (D:3)
17 creatures vanquished.

Grand Total: 93 creatures vanquished

Notes
Turn   | Place    | Note
-------+----------+-------------------------------------------
     0 | D:1      | funkygono the Gargoyle Venom Mage began the quest for the
                  | Orb.
     0 | D:1      | Reached XP level 1. HP: 10/10 MP: 3/3
   333 | D:1      | Reached XP level 2. HP: 15/15 MP: 3/5
   701 | D:1      | Found a faded altar of an unknown god.
  1240 | D:2      | Reached XP level 3. HP: 12/19 MP: 3/6
  1392 | D:2      | Learned a level 3 spell: Ignite Poison
  1485 | D:2      | Found a hazy altar of Hepliaklqana.
  1511 | D:2      | Reached skill level 1 in Maces & Flails
  1693 | D:2      | Reached skill level 1 in Transmutations
  2081 | D:2      | Reached XP level 4. HP: 24/24 MP: 5/7
  2133 | D:2      | Noticed Jessica
  2140 | D:2      | Killed Jessica
  2911 | D:3      | Reached skill level 1 in Fire Magic
  2911 | D:3      | Reached XP level 5. HP: 13/28 MP: 5/8
  3108 | D:3      | Learned a level 4 spell: Olgreb's Toxic Radiance
  4005 | D:4      | Reached XP level 6. HP: 29/33 MP: 7/10
  4063 | D:4      | Reached skill level 4 in Poison Magic
  4094 | D:4      | Found Qulanum's Jewellery Boutique.
  4820 | D:5      | Entered Level 5 of the Dungeon
  4863 | D:5      | Noticed a shadow
  4873 | D:5      | Slain by a shadow

Illustrated notes

Levels and vault maps discovered:
D:1:      lemuel_arrival_rhombus, layout_loops_corners,
          ebering_ecumenical_altar_rust, serial_bayou_pond_a,
          hangedman_decor_clover_reticule, minmay_lizard_pond
D:2:      layout_basic, serial_forest, infiniplex_forest_clump_C,
          infiniplex_forest_clump_curved, infiniplex_forest_straight_2,
          infiniplex_forest_clump_curved, infiniplex_forest_end_double,
          infiniplex_forest_zigzag_1, infiniplex_forest_straight_2,
          infiniplex_forest_straight_2, infiniplex_forest_zigzag_1,
          infiniplex_forest_corner_2, basic_altar, hangedman_glass_garden,
          nrook_mini_vaults, uniq_jessica
D:3:      layout_basic, minmay_gold_behind_fungi
D:4:      layout_loops_cross, serial_shops, shop
D:5:      cheibrodos_fzero, layout_basic, grunt_ashenzari_visionary
          [grunt_ashenzari_visionary_swamp, grunt_ashenzari_visionary_spider],
          amcnicky_mini_pool_small

Skill      XL: |  1  2  3  4  5  6 |
---------------+-------------------+-----
Maces & Flails | 1 |  1.7
Transmutations | 1 2 |  2.5
Fire Magic     | 1 2 |  2.4
Dodging        | 2 |  2.2
Poison Magic   | 4 |  4.2
Spellcasting   | 3 |  3.2
Fighting       | |  0.6
Stealth        | |  2.1

Action                   |  1- 3 |  4- 6 || total
-------------------------+-------+-------++-------
Melee: Unarmed           |     8 |       ||     8
       Club              |    31 |       ||    31
       Whip              |     4 |   112 ||   116
 Cast: Sting             |    43 |    67 ||   110
       Ignite Poison     |     1 |     1 ||     2
       Olgreb's Toxic Ra |       |     1 ||     1
  Use: Scroll            |     2 |     4 ||     6
Armor: Robe              |    18 |    58 ||    76
Dodge: Dodged            |    26 |    92 ||   118

Table legend: (Time is in decaauts)
 A = Elapsed time spent in this place.
 B = Non-inter-level travel time spent in this place.
 C = Inter-level travel time spent in this place.
 D = Time resting spent in this place.
 E = Time spent auto-exploring this place.
 F = Levels seen in this place.
 G = Mean time per level.
                   A        B        C        D        E       F      G
               +--------+--------+--------+--------+--------+-----+--------+
         Total |   4881 |   4710 |    171 |      0 |   4075 |   5 |  976.2 |
       Dungeon |   4881 |   4710 |    171 |      0 |   4075 |   5 |  976.2 |
               +--------+--------+--------+--------+--------+-----+--------+

Top non-repeatable levels by time:
     D:2: 1408 daAuts
     D:3: 1310 daAuts
     D:1: 1175 daAuts
     D:4: 935 daAuts
     D:5: 52 daAuts
